 Dungeon Crawl Stone Soup version 0.30-a0-341-g682706514a (webtiles) character file.

Game seed: 6065831882015556209

97 p00ps00p the Trooper (level 4, -3/41 HPs)
             Began as a Hill Orc Fighter on Nov 1, 2022.
             Slain by Terence
             ... wielding a +0 flail
              (8 damage)
             ... on level 2 of the Dungeon.
             The game lasted 00:04:06 (1410 turns).

p00ps00p the Trooper (Hill Orc Fighter)             Turns: 1410, Time: 00:04:06

Health: -3/41      AC:  7    Str: 18    XL:     4   Next: 68%
Magic:  4/4        EV:  9    Int:  8    God:
Gold:   31         SH:  5    Dex: 12    Spells: 3/3 levels left

rFire   . . .      SeeInvis .    a - +0 war axe
rCold   . . .      Faith    .    c - +0 buckler
rNeg    . . .      Spirit   .    b - +0 scale mail
rPois   .          Reflect  .    (no helmet)
rElec   .          Harm     .    (no cloak)
rCorr   .          Rampage  .    (no gloves)
Will    +....                    (no boots)
Stlth   ..........               (no amulet)
HPRegen 0.26/turn                i - ring of willpower
MPRegen 0.09/turn                (no ring)

@: mighty
A: no striking features
a: no special abilities


You were on level 2 of the Dungeon.
You visited 1 branch of the dungeon, and saw 2 of its levels.

You collected 31 gold pieces.

Inventory:

Hand Weapons
 a - a +0 war axe (weapon)
Armour
 b - a +0 scale mail (worn)
 c - a +0 buckler (worn)
Jewellery
 i - a ring of willpower (left hand)
Scrolls
 j - 2 scrolls of identify {unknown}
 k - a scroll of teleportation
 l - a scroll of blinking {unknown}
 m - a scroll of amnesia {unknown}
Potions
 e - a potion of curing {unknown}
 f - a potion of magic {unknown}
 g - a potion of haste {unknown}
 h - 2 potions of mutation {unknown}


   Skills:
 + Level 4.4 Fighting
 + Level 3.8 Axes
 + Level 4.0 Armour
 + Level 4.1 Shields


You had 3 spell levels left.
You didn't know any spells.
Your spell library contained the following spells:

 Spells                   Type           Power      Damage    Failure   Level
 Foxfire                  Conj/Fire      0%         2x1d4     86%         1
 Ignite Poison            Fire/Tmut/Pois 0%         N/A       99%         3
 Kindle Blastsparks       Fire/Tloc/Air  0%         2d10      99%         3
 Fireball                 Conj/Fire      0%         3d3       100%        5
 Freezing Cloud           Conj/Ice/Air   0%         6-21      100%        5
 Starburst                Conj/Fire      0%         6d3       100%        6


Dungeon Overview and Level Annotations

Branches:
Dungeon (2/15)

Altars:

Annotations:
D:2 Terence


Message History

Terence is heavily wounded.
Terence barely misses you.
You hit Terence but do no damage.
Terence is heavily wounded.
Terence closely misses you. You block Terence's attack.
You closely miss Terence.
Terence is heavily wounded.
Terence says, "Rest in peace."
Terence barely misses you.
You hit Terence but do no damage.
Terence is heavily wounded.
Terence barely misses you.
You barely miss Terence.
Terence is heavily wounded.
Terence hits you with a +0 flail.
You barely miss Terence.
Terence is heavily wounded.
Terence screams, "I want your blood!" You block Terence's attack.
Terence hits you with a +0 flail.
You feel very mighty all of a sudden. Terence barely misses you.
You slash Terence!
Terence is almost dead.
Terence hits you with a +0 flail!
* * * LOW HITPOINT WARNING * * *
You barely miss Terence.
Terence is almost dead.
You block Terence's attack. Terence hits you but does no damage.
You completely miss Terence.
Terence is almost dead.
Terence closely misses you.
You barely miss Terence.
Terence is almost dead.
Terence completely misses you.
You closely miss Terence.
Terence is almost dead.
Terence hits you with a +0 flail.
* * * LOW HITPOINT WARNING * * *
Terence hits you with a +0 flail!
You die...

## ..# ## ...# .# #####>...#
## #### .## #..@@...# #. ...#
..## #.#####.# #. ...###...#
#.# #.# #. ......#..#####.#
#.######## ##.
#####..#.......# #.##.....#
#.. #
##...##....#####.##.....# #.#
##
##......##.....#..#.....###..
.#
#..#..########....#.........#
.####.##.>..#
####.#.........#


You could see Terence.

Vanquished Creatures
  Robin (D:2)
  A gnoll (D:1)
  2 adders (D:2)
  A worm (D:2)
  2 dart slugs (D:1)
  5 endoplasms
  A giant cockroach (D:2)
  6 goblins (D:2)
  8 hobgoblins
  5 quokkas
  6 ball pythons
  4 bats (D:1)
  2 frilled lizards (D:2)
  2 kobolds
  4 rats
50 creatures vanquished.

Vanquished Creatures (others)
  6 plants (D:1)
6 creatures vanquished.

Grand Total: 56 creatures vanquished

Notes
Turn   | Place    | Note
-------+----------+-------------------------------------------
     0 | D:1      | p00ps00p the Hill Orc Fighter began the quest for the Orb.
     0 | D:1      | Reached XP level 1. HP: 19/19 MP: 1/1
   106 | D:1      | Found a faded altar of an unknown god.
   146 | D:1      | Reached XP level 2. HP: 26/27 MP: 2/2
   450 | D:1      | Reached XP level 3. HP: 33/33 MP: 3/3
  1009 | D:2      | Noticed Robin
  1016 | D:2      | Reached XP level 4. HP: 26/40 MP: 4/4
  1021 | D:2      | Killed Robin
  1388 | D:2      | Noticed Terence
  1410 | D:2      | Slain by Terence

Illustrated notes

Levels and vault maps discovered:
D:1:      lemuel_arrival_funnel, layout_basic, basic_ecumenical_altar,
          nicolae_grassy_gnolls
D:2:      layout_rooms, st_stairs_10, uniq_terence, uniq_robin

Skill      XL: |  1  2  3  4 |
---------------+-------------+-----
Axes           | 3 |  3.8
Fighting       | 4 |  4.4
Shields        | 4 |  4.1
Armour         | 4 |  4.0

Action                   |  1- 3 |  4- 6 || total
-------------------------+-------+-------++-------
Melee: War axe           |    74 |    52 ||   126
  Use: Scroll            |     1 |     2 ||     3
       Potion            |       |     1 ||     1
Armor: Scale mail        |    44 |    25 ||    69
Dodge: Dodged            |    48 |    21 ||    69
Block: Buckler           |    21 |    14 ||    35

Table legend: (Time is in decaauts)
 A = Elapsed time spent in this place.
 B = Non-inter-level travel time spent in this place.
 C = Inter-level travel time spent in this place.
 D = Time resting spent in this place.
 E = Time spent auto-exploring this place.
 F = Levels seen in this place.
 G = Mean time per level.
                   A        B        C        D        E       F      G
               +--------+--------+--------+--------+--------+-----+--------+
         Total |   1456 |   1438 |     18 |    165 |    878 |   2 |  728.0 |
       Dungeon |   1456 |   1438 |     18 |    165 |    878 |   2 |  728.0 |
               +--------+--------+--------+--------+--------+-----+--------+

Top non-repeatable levels by time:
     D:1: 884 daAuts
     D:2: 571 daAuts
